 Dungeon Crawl Stone Soup version 0.30-a0-782-ge64f9170bb (webtiles) character file.

Game seed: 14559238971573429952

89 HoaS the Cudgeller (level 4, -1/48 HPs)
             Began as an Ogre Berserker on Mar 7, 2023.
             Was a Believer of Trog.
             Slain by an orc
             ... wielding a +0 hand axe
              (5 damage)
             ... on level 3 of the Dungeon.
             The game lasted 00:06:16 (1877 turns).

HoaS the Cudgeller (Ogre Berserker)                 Turns: 1877, Time: 00:06:17

Health: -1/48      AC: 12    Str: 23    XL:     4   Next: 55%
Magic:  4/4        EV:  6    Int: 11    God:    Trog [**....]
Gold:   127        SH:  5    Dex:  8    Spells: 3/3 levels left

rFire   + . .      SeeInvis .    j - +0 flail
rCold   . . .      Faith    .    (no shield)
rNeg    . . .      Spirit   .    d - +1 storm dragon scales of Ozaof {rElec rF+ Int+3}
rPois   .          Reflect  +    (helmet restricted)
rElec   +          Harm     .    (no cloak)
rCorr   .          Rampage  .    (gloves unavailable)
Will    ++...                    (boots unavailable) Stlth
                                 g - amulet of reflection
HPRegen 1.28/turn                (no ring)
MPRegen 0.09/turn                (no ring)

@: lethally poisoned (-1 -> -2), strong-willed (expiring), regenerating
(expiring)
A: large, unfitting armour, tough skin 1
a: Renounce Religion, Berserk, Trog's Hand


You were on level 3 of the Dungeon.
You worshipped Trog.
Trog was pleased with you.
You visited 1 branch of the dungeon, and saw 3 of its levels.

You collected 127 gold pieces.

Inventory:

Hand Weapons
 j - a +0 flail (weapon)
Armour
 d - the +1 storm dragon scales of Ozaof (worn) {rElec rF+ Int+3}
   (You acquired it on level 2 of the Dungeon)

   Int:       It affects your intelligence (+3).
   rF:        It protects you from fire.
   rElec:     It insulates you from electricity.
Jewellery
 g - an amulet of reflection (around neck)
Scrolls
 f - 2 scrolls of silence
 i - a scroll of teleportation
Potions
 c - 2 potions of curing
 e - 3 potions of flight
 h - a potion of haste


   Skills:
 - Level 4.0 Fighting
 + Level 4.7 Maces & Flails
 - Level 2.6 Dodging


You had 3 spell levels left.
You didn't know any spells.
Your spell library was empty.

Dungeon Overview and Level Annotations

Branches:
Dungeon (3/15)

Altars:
Dithmenos
Zin

Annotations:
D:3 1 runed translucent door, Crazy Yiuf, Ijyb


Innate Abilities, Weirdness & Mutations

You are too large for most types of armour.
You have tough skin. (AC +1)


Message History

The orc completely misses you. Ijyb hits you but does no damage.
You closely miss Ijyb. The adder bites you but does no damage.
The orc hits you with a +0 hand axe. Ijyb hits you with a +0 club.
The kobold hits you but does no damage.
You closely miss Ijyb. The adder bites you but does no damage.
The orc hits you but does no damage. Ijyb hits you with a +0 club.
The kobold hits you with a +0 whip. You block the adder's attack.
You hit Ijyb but do no damage. The kobold hits you but does no damage.
Ijyb zaps a wand.
The bolt of dispelling energy hits you! The adder bites you but does no damage.
The orc closely misses you.
You barely miss Ijyb. The adder bites you but does no damage.
The kobold barely misses you. The orc hits you but does no damage.
Ijyb hits you but does no damage. You block the adder's attack.
The orc barely misses you. Ijyb hits you but does no damage.
The kobold hits you with a +0 whip.
You hit Ijyb but do no damage. The adder bites you but does no damage.
The kobold hits you but does no damage. The orc hits you but does no damage.
Ijyb hits you but does no damage.
You barely miss Ijyb.
You feel the effects of Trog's Hand fading.
The adder bites you.
You are poisoned.
The adder poisons you! The adder bites you but does no damage.
The kobold hits you but does no damage. You block the orc's attack.
Ijyb hits you but does no damage.
You closely miss Ijyb.
You feel sick. The adder bites you but does no damage.
The orc barely misses you. You block the kobold's attack.
Ijyb hits you but does no damage. The adder barely misses you.
You hit Ijyb but do no damage.
You feel sick. The kobold hits you but does no damage.
Ijyb zaps a wand.
The bolt of dispelling energy hits you!
* * * LOW HITPOINT WARNING * * *
The orc barely misses you. You block the adder's attack.
You barely miss Ijyb.
You feel sick. The adder bites you.
* * * LOW HITPOINT WARNING * * *
The kobold hits you with a +0 whip.
* * * LOW HITPOINT WARNING * * *
The orc hits you but does no damage. You block Ijyb's attack.
The adder bites you but does no damage. The orc hits you with a +0 hand axe.
You die...

#.#.########...#####.##._.#
###.#.##.............#..
...#
......##.#####.#####.###
..## ###.#.##.# #.# ##
#.#.##.# #.# # .
#.#....#####.#####.#.#
#)######.............. #.#
#.......S..#. #.####
#.....o@...# #....#
#.....K.g#.# #....#
#........# # ##### #....#
#######... #..)# #.####
#.##. #...# #.# #.# ## ...
# #.# #.. #+# # #.# ###
##.# # #.# #.## #


You could see Ijyb, an adder, an orc and a kobold.

Vanquished Creatures
  2 adders (D:2)
  3 worms
  A dart slug (D:1)
  5 orcs
  3 bats
  2 endoplasms
  3 giant cockroaches
  7 goblins (D:1)
  5 hobgoblins
  4 kobolds
  4 quokkas
  3 ball pythons
  5 frilled lizards
  6 rats
53 creatures vanquished.

Notes
Turn   | Place    | Note
-------+----------+-------------------------------------------
     0 | D:1      | HoaS the Ogre Berserker began the quest for the Orb.
     0 | D:1      | Reached XP level 1. HP: 24/24 MP: 1/1
    98 | D:1      | Reached XP level 2. HP: 29/32 MP: 2/2
   350 | D:1      | Reached ** piety under Trog
   351 | D:1      | Reached XP level 3. HP: 39/39 MP: 3/3
   868 | D:2      | Found a glowing silver altar of Zin.
  1324 | D:2      | Reached XP level 4. HP: 46/48 MP: 4/4
  1350 | D:2      | Identified a scroll of acquirement
  1350 | D:2      | Acquired the +1 storm dragon scales of Ozaof {rElec rF+
                  | Int+3}
  1388 | D:3      | Found a shadowy altar of Dithmenos.
  1677 | D:3      | Found a runed translucent door.
  1678 | D:3      | Noticed Crazy Yiuf
  1861 | D:3      | Noticed Ijyb
  1877 | D:3      | Slain by an orc

Illustrated notes

Levels and vault maps discovered:
D:1:      grunt_arrival_crossed_arrows, layout_loops_ring, minmay_hexomino_p4
D:2:      layout_rooms, serial_corexii_hall, chequers_hall_statues_corner_a,
          corexii_hall_statues_x, basic_altar, minmay_fractal_squares_gapless_5
D:3:      layout_basic, grunt_dithmenos_smoke, minivault_27, feat_on_display,
          uniq_crazy_yiuf_cottage, uniq_ijyb

Skill      XL: |  1  2  3 |
---------------+----------+-----
Maces & Flails | 3 4 |  4.7
Fighting       | |  4.0
Dodging        | |  2.6

Action                     |  1- 3 |  4- 6 || total
---------------------------+-------+-------++-------
  Melee: Mace              |   112 |    39 ||   151
         Punch             |     1 |       ||     1
         Flail             |       |    20 ||    20
 Invoke: Trog's Hand       |       |     1 ||     1
    Use: Scroll            |     7 |     6 ||    13
   Stab: Distracted        |     1 |       ||     1
 Armour: Animal skin       |    25 |       ||    25
         Storm dragon scal |       |    47 ||    47
  Dodge: Dodged            |    49 |    19 ||    68
  Block: Other             |       |    25 ||    25
         Reflection        |       |     1 ||     1

Table legend: (Time is in decaauts)
 A = Elapsed time spent in this place.
 B = Non-inter-level travel time spent in this place.
 C = Inter-level travel time spent in this place.
 D = Time resting spent in this place.
 E = Time spent auto-exploring this place.
 F = Levels seen in this place.
 G = Mean time per level.
                   A        B        C        D        E       F      G
               +--------+--------+--------+--------+--------+-----+--------+
         Total |   1912 |   1833 |     79 |    128 |   1211 |   3 |  637.3 |
       Dungeon |   1912 |   1833 |     79 |    128 |   1211 |   3 |  637.3 |
               +--------+--------+--------+--------+--------+-----+--------+

Top non-repeatable levels by time:
     D:1: 800 daAuts
     D:2: 613 daAuts
     D:3: 499 daAuts
